 Dungeon Crawl Stone Soup version 0.23.0 (webtiles) character file.

Game seed: 3634925071497875675

6224 tidbits the Magician (level 10, -16/79 HPs)
             Began as a Gnoll Skald on Feb 14, 2019.
             Was an Elder of Cheibriados.
             Demolished by an alligator simulacrum (20 damage)
             ... in an ice cave.
             The game lasted 00:23:54 (2149 turns).

tidbits the Magician (Gnoll Skald)                  Turns: 2149, Time: 00:23:54

Health: -16/79     AC:  8    Str: 23    XL:     10   Next: 92%
Magic:  0/30       EV: 17    Int: 27    God:    Cheibriados [****..]
Gold:   179        SH:  0    Dex: 24    Spells: 13/24 levels left

rFire    + . .     SeeInvis .   a - +3 trident (freeze)
rCold    . . .     Gourm    .   (no shield)
rNeg     + . .     Faith    .   B - +2 leather armour {rF+}
rPois    .         Spirit   +   s - +2 hat of the Bear Spirit {Spirit, +Rage rN+ MR++}
rElec    .         Reflect  .   C - +0 cloak
rCorr    .         Harm     .   (no gloves)
MR       ++...                  (no boots)
Stlth    ++++......             (no amulet)
HPRegen  1.23/turn              M - ring of stealth
MPRegen  0.22/turn              p - ring of magical power

@: regenerating, drained, very slow
A: distributed training, fangs 1, strong nose
a: Bend Time, Temporal Distortion, Slouch, Renounce Religion, Evoke Berserk Rage


You were in an ice cave.
You worshipped Cheibriados.
Cheibriados was greatly pleased with you.
You were very hungry.

You visited 3 branches of the dungeon, and saw 14 of its levels.
You also visited: Sewer and Ice Cave.

You collected 179 gold pieces.

Inventory:

Hand Weapons
 a - a +3 trident of freezing (weapon)
   (You took it off a wight on level 7 of the Dungeon)
 e - a +0 shortbow
 h - a +0 trident
 i - a +0 dagger
 k - a +0 spear
 q - a cursed +0 halberd
 w - a cursed +4 morningstar
 z - a +0 halberd
 I - a +2 whip of electrocution
   (You took it off an orc on level 9 of the Dungeon)
Missiles
 j - 63 arrows
 m - 11 tomahawks (quivered)
 K - 8 javelins
Armour
 b - a +0 leather armour
 s - the +2 hat of the Bear Spirit (worn) {Spirit, +Rage rN+ MR++}
   (You found it on level 7 of the Dungeon)

   It protects you from negative energy.
   It affects your resistance to hostile enchantments.
   It lets you go berserk.
 y - a +0 ring mail
 B - a +2 leather armour of fire resistance (worn)
   (You took it off Duvessa on level 5 of the Dungeon)
 C - a +0 cloak (worn)
 D - a cursed +0 leather armour
Jewellery
 n - an uncursed amulet of faith
   (You found it on level 8 of the Dungeon)
 o - an uncursed ring of see invisible
   (You found it on level 8 of the Dungeon)
 p - a ring of magical power (right hand)
   (You found it on level 8 of the Dungeon)
 E - an uncursed amulet of harm
   (You found it on level 5 of the Dungeon)
 M - a ring of stealth (left hand)
   (You found it on level 11 of the Dungeon)
Wands
 t - a wand of random effects (6)
 G - a wand of iceblast (8)
Scrolls
 c - 3 scrolls of magic mapping {unknown}
 f - a scroll of noise {unknown}
 g - 8 scrolls of identify
 l - 2 scrolls of fear {unknown}
 r - 3 scrolls of remove curse
 A - a scroll of blinking
 F - a scroll of fog
 H - a scroll of teleportation {unknown}
 L - a scroll of random uselessness {unknown}
 O - a scroll of summoning {unknown}
Potions
 v - a potion of lignification {unknown}
 x - a potion of brilliance {unknown}
 J - 2 potions of flight {unknown}
 N - 3 potions of curing {unknown}
Comestibles
 d - 9 rations


   Skills:
 + Level 7.3(6.3) Fighting
 + Level 5.6(4.6) Short Blades
 + Level 5.6(4.6) Long Blades
 + Level 5.6(4.6) Axes
 + Level 5.6(4.6) Maces & Flails
 + Level 7.3(6.3) Polearms
 + Level 5.6(4.6) Staves
 + Level 5.6(4.6) Slings
 + Level 5.6(4.6) Bows
 + Level 5.6(4.6) Crossbows
 + Level 5.6(4.6) Throwing
 + Level 6.2(5.3) Armour
 + Level 7.3(6.3) Dodging
 + Level 5.6(4.6) Stealth
 + Level 5.6(4.6) Shields
 + Level 5.6(4.6) Unarmed Combat
 + Level 7.6(6.6) Spellcasting
 + Level 4.6(3.7) Conjurations
 + Level 4.6(3.7) Hexes
 + Level 7.2(6.3) Charms
 + Level 4.6(3.7) Summonings
 + Level 4.6(3.7) Necromancy
 + Level 4.6(3.7) Translocations
 + Level 4.6(3.7) Transmutations
 + Level 4.6(3.7) Fire Magic
 + Level 4.6(3.7) Ice Magic
 + Level 4.6(3.7) Air Magic
 + Level 4.6(3.7) Earth Magic
 + Level 4.6(3.7) Poison Magic
 + Level 6.2(5.2) Invocations
 + Level 5.6(4.6) Evocations


You had 13 spell levels left.
You knew the following spells:

 Your Spells              Type           Power        Failure   Level  Hunger
g - Shroud of Golubria    Chrm/Tloc      #####.....   1%          2    None
i - Infusion              Chrm           ####         1%          1    None
r - Regeneration          Chrm/Necr      #####.....   2%          3    None
w - Spectral Weapon       Hex/Chrm       #####...     2%          3    None
y - Song of Slaying       Chrm           #####...     1%          2    None

Your spell library contained the following spells:

 Spells                   Type           Power        Failure   Level  Hunger
 Confusing Touch          Hex            ####..       1%          1    None
 Magic Dart               Conj           ####         1%          1    None
 Blink                    Tloc           N/A          2%          2    None
 Call Imp                 Summ           ####....     2%          2    None
 Slow                     Hex            ####....     2%          2    None
 Confuse                  Hex            ####....     4%          3    None
 Conjure Flame            Conj/Fire      ####....     4%          3    None
 Gell's Gravitas          Tloc           ####......   4%          3    None
 Mephitic Cloud           Conj/Pois/Air  ####....     4%          3    None
 Petrify                  Tmut/Erth      ####....     14%         4    ###....
 Metabolic Englaciation   Hex/Ice        ####......   38%         5    #####..
 Yara's Violent Unravell  Hex/Tmut       ####......   38%         5    #####..


Dungeon Overview and Level Annotations

Branches:
Dungeon (11/15)            Temple (1/1) D:5            Lair (2/6) D:11
  Swamp: Lair:2-4    Shoals: Lair:2-4     Snake: Lair:2-4    Spider: Lair:2-4
    Orc: D:9-12

Altars:
Cheibriados
Fedhas
Gozag
Kikubaaqudgha
Qazlal
Ru
Sif Muna
Uskayaw
Wu Jian
Yredelemnul
Lugonu

Shops:
D:6 }

Annotations:
Lair:1 exclusion: oklob plant


Innate Abilities, Weirdness & Mutations

Your experience applies equally to all skills.
You have very sharp teeth.
Your uncanny sense of smell can sniff out nearby items.


Message History

Found 10 gold pieces.
You feel sick.
Okay, then.
Put on which piece of jewellery? (? for menu, Esc to quit)
Okay, then.
You feel sick.
Your spectral weapon fades away.
Found a frozen archway.
Your skin is crawling a little less now.
You feel sick.
Your skin stops crawling.
There is a frozen archway here.
Unknown command.
You feel sick.
The world spins around you as you enter the gateway.
You enter an ice cave! 4 simulacra come into view.
Found an ice covered gate leading back out of this place.
There is an ice choked empty arch of ancient stone here.
Evoke which item? (* to show all) (? for menu, Esc to quit)
Okay, then.
Casting: Regeneration (safe; 3% risk of failure)
Confirm with . or Enter, or press ? or * to list all spells.
You draw out your weapon's spirit!
Unknown command.
Casting: Spectral Weapon (safe; 3% risk of failure)
Confirm with . or Enter, or press ? or * to list all spells.
Space distorts slightly along a thin shroud covering your body.
Casting: Shroud of Golubria (safe; 1% risk of failure)
Confirm with . or Enter, or press ? or * to list all spells.
Your skin crawls.
Unknown command.
You are feeling very hungry.
Unknown command.
You feel sick.
You are no longer poisoned.
Unknown command.
Attack whom?
Press: ? - help, Dir - move target cursor, f - wolf simulacrum
Aim: a wolf simulacrum (resting)
You reach to attack!
The helpless wolf simulacrum fails to defend itself.
You impale the wolf simulacrum!!
The wolf simulacrum vapourises!
Cheibriados thoroughly appreciates the change of pace.
Attack whom?
Press: ? - help, Dir - move target cursor, f - wolf spider simulacrum
Aim: a wolf spider simulacrum You reach to attack!
You puncture the wolf spider simulacrum!
The wolf spider simulacrum is moderately damaged.
Your spectral weapon hits the wolf spider simulacrum from afar.
You hit the wolf spider simulacrum.
The wolf spider simulacrum is severely damaged.
Your spectral weapon hits the wolf spider simulacrum!
The wolf spider simulacrum hits your spectral weapon but does no damage.
The wolf spider simulacrum bites your spectral weapon!
Your spectral weapon shares its damage with you!
The wolf spider simulacrum freezes your spectral weapon!
Your spectral weapon resists.
Your spectral weapon shares its damage with you!
Your spectral weapon fades away.
Your shroud bends the wolf spider simulacrum's attack away!
The wolf spider simulacrum barely misses you.
You hit the wolf spider simulacrum. You bite the wolf spider simulacrum.
The wolf spider simulacrum vapourises!
Cheibriados thoroughly appreciates the change of pace.
The alligator simulacrum barely misses you.
The alligator simulacrum closely misses you.
The alligator simulacrum bites you! The alligator simulacrum freezes you!!
* * * LOW HITPOINT WARNING * * *
The alligator simulacrum tail-slaps you but does no damage.
Casting: Regeneration (safe; 2% risk of failure)
Confirm with . or Enter, or press ? or * to list all spells.
You draw out your weapon's spirit!
Your shroud bends the alligator simulacrum's attack away!
The alligator simulacrum barely misses you.
Your shroud bends the alligator simulacrum's attack away!!
The alligator simulacrum barely misses you.
You hit the alligator simulacrum.
You bite the alligator simulacrum, but do no damage.
The alligator simulacrum is lightly damaged.
Your spectral weapon hits the alligator simulacrum!
The alligator simulacrum bites you!
* * * LOW HITPOINT WARNING * * *
The alligator simulacrum freezes you!
* * * LOW HITPOINT WARNING * * *
Your shroud falls apart!
The alligator simulacrum barely misses you.
The alligator simulacrum bites your spectral weapon.
Your spectral weapon shares its damage with you!
The alligator simulacrum freezes your spectral weapon!
Your spectral weapon resists.
Your spectral weapon shares its damage with you!
* * * LOW HITPOINT WARNING * * *
The alligator simulacrum tail-slaps your spectral weapon but does no damage.
You feel much better. The alligator simulacrum bites you!!
* * * LOW HITPOINT WARNING * * *
The alligator simulacrum freezes you!!
You die...

#### ##..##
##....###
#.....@Z##..
#.∩.∩..Z(...#
#..........##
##....##..##
##..## ###
####


You could see 2 alligator simulacra and a friendly spectral +3 trident of
freezing.

Vanquished Creatures
  A two-headed ogre (D:9)
  A spiny frog (Lair:1)
  A kobold demonologist (D:11)
  A wolf spider simulacrum (IceCv)
  2 trolls (D:11)
  Prince Ribbit (D:7)
  A wraith (D:11)
  3 porcupines
  Duvessa (D:5)
  3 sky beasts
  2 orc warriors
  2 ice beasts
  4 black bears
  A phantom (D:11)
  A necrophage (D:6)
  2 ogres
  A hornet zombie (D:9)
  3 centaurs
  6 bullfrogs
  Dowan (D:5)
  2 scorpions
  13 wights
  3 howler monkeys (D:8)
  A jelly (D:10)
  2 crimson imps
  A bullfrog zombie (D:5)
  2 hounds
  A centaur skeleton (D:6)
  4 orc priests
  2 orc wizards
  2 bullfrog skeletons (D:5)
  Terence (D:2)
  2 iguanas
  5 worker ants
  A wolf simulacrum (IceCv)
  2 hound skeletons
  3 worker ant zombies
  2 adders
  3 gnolls (D:6)
  4 shadow imps
  An adder skeleton (D:5)
  4 worms
  A dart slug (D:5)
  5 leopard geckos
  17 orcs
  A bat (D:3)
  4 giant cockroaches
  A goblin (D:2)
  A hobgoblin (D:1)
  2 jackals (D:3)
  4 kobolds
  A quokka (D:8)
  10 ball pythons
  5 frilled lizards
  A leopard gecko skeleton (D:4)
  A quokka skeleton (D:4)
  6 rats
159 creatures vanquished.

Vanquished Creatures (others)
  22 fungi (D:11)
  8 plants (D:11)
  4 spectral weapons
34 creatures vanquished.

Grand Total: 193 creatures vanquished

Notes
Turn   | Place    | Note
-------+----------+-------------------------------------------
     0 | D:1      | tidbits the Gnoll Skald began the quest for the Orb.
     0 | D:1      | Reached XP level 1. HP: 20/20 MP: 6/6
    74 | D:2      | Reached XP level 2. HP: 23/26 MP: 2/7
    78 | D:2      | Learned a level 2 spell: Song of Slaying
    81 | D:2      | Learned a level 2 spell: Shroud of Golubria
   102 | D:2      | Noticed Terence
   116 | D:2      | Killed Terence
   116 | D:2      | Reached skill level 5 in Spellcasting
   116 | D:2      | Reached XP level 3. HP: 15/31 MP: 1/9
   121 | D:2      | Learned a level 3 spell: Regeneration
   125 | D:2      | Learned a level 3 spell: Spectral Weapon
   155 | D:2      | Reached skill level 1 in Invocations
   164 | D:3      | Found a stormy altar of Qazlal.
   309 | D:4      | Reached skill level 1 in Short Blades
   309 | D:4      | Reached skill level 1 in Long Blades
   309 | D:4      | Reached skill level 1 in Axes
   309 | D:4      | Reached skill level 1 in Maces & Flails
   309 | D:4      | Reached skill level 1 in Staves
   309 | D:4      | Reached skill level 1 in Slings
   309 | D:4      | Reached skill level 1 in Bows
   309 | D:4      | Reached skill level 1 in Crossbows
   309 | D:4      | Reached skill level 1 in Throwing
   309 | D:4      | Reached skill level 1 in Stealth
   309 | D:4      | Reached skill level 1 in Shields
   309 | D:4      | Reached skill level 1 in Unarmed Combat
   309 | D:4      | Reached skill level 1 in Evocations
   338 | D:4      | Reached XP level 4. HP: 25/38 MP: 6/11
   343 | D:5      | Entered Level 5 of the Dungeon
   360 | D:5      | Reached skill level 1 in Conjurations
   360 | D:5      | Reached skill level 1 in Hexes
   360 | D:5      | Reached skill level 1 in Summonings
   360 | D:5      | Reached skill level 1 in Necromancy
   360 | D:5      | Reached skill level 1 in Translocations
   360 | D:5      | Reached skill level 1 in Transmutations
   360 | D:5      | Reached skill level 1 in Fire Magic
   360 | D:5      | Reached skill level 1 in Ice Magic
   360 | D:5      | Reached skill level 1 in Air Magic
   360 | D:5      | Reached skill level 1 in Earth Magic
   360 | D:5      | Reached skill level 1 in Poison Magic
   375 | D:5      | Reached XP level 5. HP: 27/43 MP: 4/12
   388 | D:5      | You fall through a shaft for 3 floors!
   389 | D:8      | Noticed a black bear
   402 | D:8      | Reached skill level 3 in Armour
   412 | D:8      | Noticed a sky beast
   415 | D:8      | Reached skill level 2 in Invocations
   415 | D:8      | Reached XP level 6. HP: 26/50 MP: 2/13
   429 | D:8      | Reached skill level 5 in Fighting
   429 | D:8      | Reached skill level 5 in Polearms
   429 | D:8      | Reached skill level 5 in Dodging
   432 | D:8      | Reached skill level 2 in Short Blades
   432 | D:8      | Reached skill level 2 in Long Blades
   432 | D:8      | Reached skill level 2 in Axes
   432 | D:8      | Reached skill level 2 in Maces & Flails
   432 | D:8      | Reached skill level 2 in Staves
   432 | D:8      | Reached skill level 2 in Slings
   432 | D:8      | Reached skill level 2 in Bows
   432 | D:8      | Reached skill level 2 in Crossbows
   432 | D:8      | Reached skill level 2 in Throwing
   432 | D:8      | Reached skill level 2 in Stealth
   432 | D:8      | Reached skill level 2 in Shields
   432 | D:8      | Reached skill level 2 in Unarmed Combat
   432 | D:8      | Reached skill level 2 in Evocations
   433 | D:8      | HP: 12/76 [sky beast (5)]
   435 | D:8      | Killed a sky beast
   435 | D:8      | Reached XP level 7. HP: 7/56 MP: 2/15
   440 | D:8      | Reached skill level 2 in Conjurations
   440 | D:8      | Reached skill level 2 in Hexes
   440 | D:8      | Reached skill level 2 in Summonings
   440 | D:8      | Reached skill level 2 in Necromancy
   440 | D:8      | Reached skill level 2 in Translocations
   440 | D:8      | Reached skill level 2 in Transmutations
   440 | D:8      | Reached skill level 2 in Fire Magic
   440 | D:8      | Reached skill level 2 in Ice Magic
   440 | D:8      | Reached skill level 2 in Air Magic
   440 | D:8      | Reached skill level 2 in Earth Magic
   440 | D:8      | Reached skill level 2 in Poison Magic
   587 | D:7      | Noticed Prince Ribbit
   594 | D:7      | Killed Prince Ribbit
   594 | D:7      | Reached skill level 3 in Invocations
   623 | D:7      | Found the +2 hat of the Bear Spirit {Spirit, +Rage rN+
                  | MR++}
   630 | D:7      | Reached XP level 8. HP: 53/63 MP: 10/16
   640 | D:7      | Reached skill level 6 in Charms
   653 | D:7      | Reached skill level 4 in Armour
   674 | D:7      | Reached skill level 3 in Short Blades
   674 | D:7      | Reached skill level 3 in Long Blades
   674 | D:7      | Reached skill level 3 in Axes
   674 | D:7      | Reached skill level 3 in Maces & Flails
   674 | D:7      | Reached skill level 3 in Staves
   674 | D:7      | Reached skill level 3 in Slings
   674 | D:7      | Reached skill level 3 in Bows
   674 | D:7      | Reached skill level 3 in Crossbows
   674 | D:7      | Reached skill level 3 in Throwing
   674 | D:7      | Reached skill level 3 in Stealth
   674 | D:7      | Reached skill level 3 in Shields
   674 | D:7      | Reached skill level 3 in Unarmed Combat
   674 | D:7      | Reached skill level 3 in Evocations
   683 | D:7      | Found an ancient bone altar of Kikubaaqudgha.
   683 | D:7      | Found a blossoming altar of Fedhas.
   815 | D:5      | Found a staircase to the Ecumenical Temple.
   825 | Temple   | Entered the Ecumenical Temple
   840 | Temple   | Became a worshipper of Cheibriados the Contemplative
   868 | D:5      | Reached skill level 6 in Spellcasting
  1082 | D:6      | Reached * piety under Cheibriados
  1082 | D:6      | Reached skill level 4 in Invocations
  1084 | D:6      | Reached skill level 3 in Conjurations
  1084 | D:6      | Reached skill level 3 in Hexes
  1084 | D:6      | Reached skill level 3 in Summonings
  1084 | D:6      | Reached skill level 3 in Necromancy
  1084 | D:6      | Reached skill level 3 in Translocations
  1084 | D:6      | Reached skill level 3 in Transmutations
  1084 | D:6      | Reached skill level 3 in Fire Magic
  1084 | D:6      | Reached skill level 3 in Ice Magic
  1084 | D:6      | Reached skill level 3 in Air Magic
  1084 | D:6      | Reached skill level 3 in Earth Magic
  1084 | D:6      | Reached skill level 3 in Poison Magic
  1090 | D:6      | Found a glowing drain.
  1131 | Sewer    | Entered a sewer
  1237 | Sewer    | Reached ** piety under Cheibriados
  1326 | D:6      | Found Mumaumut's Gadget Shop.
  1352 | D:5      | Noticed Dowan
  1355 | D:5      | Noticed Duvessa
  1362 | D:5      | Reached skill level 6 in Fighting
  1362 | D:5      | Reached skill level 6 in Polearms
  1362 | D:5      | Reached skill level 6 in Dodging
  1362 | D:5      | Reached XP level 9. HP: 69/69 MP: 18/18
  1370 | D:5      | Killed Duvessa
  1372 | D:5      | Killed Dowan
  1423 | D:6      | Reached skill level 4 in Short Blades
  1423 | D:6      | Reached skill level 4 in Long Blades
  1423 | D:6      | Reached skill level 4 in Axes
  1423 | D:6      | Reached skill level 4 in Maces & Flails
  1423 | D:6      | Reached skill level 4 in Staves
  1423 | D:6      | Reached skill level 4 in Slings
  1423 | D:6      | Reached skill level 4 in Bows
  1423 | D:6      | Reached skill level 4 in Crossbows
  1423 | D:6      | Reached skill level 4 in Throwing
  1423 | D:6      | Reached skill level 4 in Stealth
  1423 | D:6      | Reached skill level 4 in Shields
  1423 | D:6      | Reached skill level 4 in Unarmed Combat
  1423 | D:6      | Reached skill level 4 in Evocations
  1504 | D:7      | Found an opulent altar of Gozag.
  1504 | D:7      | Found a deep blue altar of Sif Muna.
  1520 | D:8      | Reached skill level 5 in Armour
  1570 | D:9      | Noticed a two-headed ogre
  1581 | D:9      | Killed a two-headed ogre
  1581 | D:9      | Reached skill level 5 in Invocations
  1622 | D:9      | Reached XP level 10. HP: 53/77 MP: 11/20
  1623 | D:9      | Reached skill level 7 in Spellcasting
  1664 | D:10     | Entered Level 10 of the Dungeon
  1669 | D:10     | Reached skill level 4 in Conjurations
  1669 | D:10     | Reached skill level 4 in Hexes
  1669 | D:10     | Reached skill level 4 in Summonings
  1669 | D:10     | Reached skill level 4 in Necromancy
  1669 | D:10     | Reached skill level 4 in Translocations
  1669 | D:10     | Reached skill level 4 in Transmutations
  1669 | D:10     | Reached skill level 4 in Fire Magic
  1669 | D:10     | Reached skill level 4 in Ice Magic
  1669 | D:10     | Reached skill level 4 in Air Magic
  1669 | D:10     | Reached skill level 4 in Earth Magic
  1669 | D:10     | Reached skill level 4 in Poison Magic
  1784 | D:10     | Reached *** piety under Cheibriados
  1862 | D:11     | Reached skill level 5 in Short Blades
  1862 | D:11     | Reached skill level 5 in Long Blades
  1862 | D:11     | Reached skill level 5 in Axes
  1862 | D:11     | Reached skill level 5 in Maces & Flails
  1862 | D:11     | Reached skill level 5 in Staves
  1862 | D:11     | Reached skill level 5 in Slings
  1862 | D:11     | Reached skill level 5 in Bows
  1862 | D:11     | Reached skill level 5 in Crossbows
  1862 | D:11     | Reached skill level 5 in Throwing
  1862 | D:11     | Reached skill level 5 in Stealth
  1862 | D:11     | Reached skill level 5 in Shields
  1862 | D:11     | Reached skill level 5 in Unarmed Combat
  1862 | D:11     | Reached skill level 5 in Evocations
  1902 | D:11     | Noticed a kobold demonologist
  1912 | D:11     | Killed a kobold demonologist
  1912 | D:11     | Reached skill level 7 in Charms
  1929 | D:11     | Reached skill level 7 in Fighting
  1929 | D:11     | Reached skill level 7 in Polearms
  1929 | D:11     | Reached skill level 7 in Dodging
  2015 | D:11     | Reached skill level 6 in Armour
  2024 | D:11     | Reached skill level 6 in Invocations
  2028 | D:11     | Reached **** piety under Cheibriados
  2033 | D:11     | Found a staircase to the Lair.
  2050 | Lair:1   | Entered Level 1 of the Lair of Beasts
  2095 | Lair:1   | Noticed an oklob plant
  2104 | Lair:1   | Noticed a spiny frog
  2109 | Lair:1   | Killed a spiny frog
  2130 | Lair:1   | Found a frozen archway.
  2137 | IceCv    | Entered an ice cave
  2148 | IceCv    | HP: 9/79 [alligator simulacrum (8)]
  2149 | IceCv    | HP: 4/79 [alligator simulacrum (20)]
  2149 | IceCv    | Demolished by an alligator simulacrum

Skill      XL: |  1  2  3  4  5  6  7  8  9 10 |
---------------+-------------------------------+-----
Spellcasting   | 5 6 7 |  7.6
Invocations    | 1 2 3 4 5 6 |  6.2
Short Blades   | 1 2 3 4 5 |  5.6
Long Blades    | 1 2 3 4 5 |  5.6
Axes           | 1 2 3 4 5 |  5.6
Maces & Flails | 1 2 3 4 5 |  5.6
Staves         | 1 2 3 4 5 |  5.6
Slings         | 1 2 3 4 5 |  5.6
Bows           | 1 2 3 4 5 |  5.6
Crossbows      | 1 2 3 4 5 |  5.6
Throwing       | 1 2 3 4 5 |  5.6
Stealth        | 1 2 3 4 5 |  5.6
Shields        | 1 2 3 4 5 |  5.6
Unarmed Combat | 1 2 3 4 5 |  5.6
Evocations     | 1 2 3 4 5 |  5.6
Conjurations   | 1 2 3 4 |  4.6
Hexes          | 1 2 3 4 |  4.6
Summonings     | 1 2 3 4 |  4.6
Necromancy     | 1 2 3 4 |  4.6
Translocations | 1 2 3 4 |  4.6
Transmutations | 1 2 3 4 |  4.6
Fire Magic     | 1 2 3 4 |  4.6
Ice Magic      | 1 2 3 4 |  4.6
Air Magic      | 1 2 3 4 |  4.6
Earth Magic    | 1 2 3 4 |  4.6
Poison Magic   | 1 2 3 4 |  4.6
Armour         | 3 4 5 6 |  6.2
Fighting       | 5 6 7 |  7.3
Polearms       | 5 6 7 |  7.3
Dodging        | 5 6 7 |  7.3
Charms         | 6 7 |  7.2

Action                   |  1- 3 |  4- 6 |  7- 9 | 10-12 || total
-------------------------+-------+-------+-------+-------++-------
Melee: Spear             |    55 |       |       |       ||    55
       Bite              |     6 |     5 |    23 |    12 ||    46
       Trident           |    14 |    38 |   179 |    89 ||   320
       Punch             |       |       |     4 |     3 ||     7
Throw: Tomahawk          |       |       |     3 |       ||     3
 Cast: Infusion          |     5 |       |       |       ||     5
       Spectral Weapon   |     4 |     4 |    28 |    14 ||    50
       Shroud of Golubri |       |     1 |     6 |     4 ||    11
       Song of Slaying   |       |     1 |    10 |     3 ||    14
       Regeneration      |       |       |     7 |     4 ||    11
Evoke: Wand              |       |       |     1 |       ||     1
  Use: Potion            |       |     2 |     1 |     2 ||     5
       Scroll            |       |       |     3 |     1 ||     4
 Stab: Distracted        |       |     1 |     1 |       ||     2
       Sleeping          |       |       |     2 |     8 ||    10
  Eat: Ration            |     1 |       |       |       ||     1
       Chunk             |       |       |     1 |       ||     1
Armor: Leather armour    |     6 |     7 |    34 |    17 ||    64
Dodge: Dodged            |    33 |    26 |   143 |    55 ||   257

Table legend:
 A = Turns spent in this place as a percentage of turns spent in the entire game.
 B = Non-inter-level travel turns spent in this place as a percentage of non-inter-level travel turns spent in the entire game.
 C = Inter-level travel turns spent in this place as a percentage of turns spent in this place.
 D = Turns resting spent in this place as a percentage of non-inter-level travel turns spent in this place.
 E = Turns spent auto-exploring this place as a percentage of non-inter-level travel turns spent in this place.
 F = Non-inter-level travel turns spent in this place divided by the number of levels of this place that you've seen.
                   A       B       C       D       E      F
               +-------+-------+-------+-------+-------+----------------------
         Total | 100.0 | 100.0 |   0.6 |   0.0 |   0.0 | 133.5
       Dungeon |  85.4 |  86.0 |   0.0 |   0.0 |   0.0 | 166.9
        Temple |   1.4 |   0.8 |  43.3 |   0.0 |   0.0 |  17.0
          Lair |   4.0 |   4.1 |   0.0 |   0.0 |   0.0 |  43.5
         Sewer |   8.6 |   8.6 |   0.0 |   0.0 |   0.0 | 184.0
      Ice Cave |   0.6 |   0.6 |   0.0 |   0.0 |   0.0 |  12.0
               +-------+-------+-------+-------+-------+----------------------

Table legend:
 A = Kills in this place as a percentage of kills in entire the game.
 B = Kills by you in this place as a percentage of kills by you in the entire game.
 C = Kills by friends in this place as a percentage of kills by friends in the entire game.
 D = Other kills in this place as a percentage of other kills in the entire game.
 E = Experience gained in this place as a percentage of experience gained in the entire game.
 F = Experience gained in this place divided by the number of levels of this place that you have seen.
                   A       B       C       D       E      F
               +-------+-------+-------+-------+-------+----------------------
         Total | 100.0 | 100.0 |   N/A |   N/A | 100.0 | 555.8
       Dungeon |  86.8 |  86.8 |   N/A |   N/A |  89.2 | 721.4
          Lair |   1.9 |   1.9 |   N/A |   N/A |   7.0 | 311.0
         Sewer |  10.1 |  10.1 |   N/A |   N/A |   0.3 |  29.0
      Ice Cave |   1.3 |   1.3 |   N/A |   N/A |   3.4 | 306.0
               +-------+-------+-------+-------+-------+----------------------

Levels and vault maps discovered:
D:1:      psy_arrival_radial01, layout_rooms
D:2:      layout_rooms, old_standard_altar, uniq_terence
D:3:      layout_basic, overflow_temple_1_default, lemuel_round_altar,
          first_ration
D:4:      layout_basic, minivault_24
D:5:      layout_basic, good_gods_temple_1, minmay_temple_entry_sparse_star,
          uniq_duvessa, uniq_edmund
D:6:      layout_cave_pods, grunt_temple_overflow_champion_of_chaos,
          portal_sewer_entry_c, serial_shops, shop
D:7:      layout_loops_ring, grunt_temple_overflow_growth_and_decay,
          gammafunk_temple_overflow_claw, cheibrodos_ashenzari_chains,
          vehumet_crystals, nicolae_overflow_crystal_walls, basic_altar,
          uniq_prince_ribbit1
D:8:      layout_basic
D:9:      layout_long_grid, minmay_orc_entry_temple_small
D:10:     layout_gridville, serial_shops, nicolae_shop_statue_plus
D:11:     layout_loops_cross, due_lair_maze_entry_diamond
Temple:   corrupted_temple
Lair:1:   layout_chaotic_city, portal_ice_cave_entry_pillars_1,
          beast_lair_carwin_2, grunt_megastairs_2, minmay_lair_oklob_chamber,
          uniq_harold
Lair:2:   layout_loops_ring, nicolae_swamp_entry_splash_gauntlet,
          chequers_serial_rivers_micro_d, st_stairs_6,
          small_statue_intersection, grunt_megastairs_4, lemuel_fruit_fields,
          serial_bayou_shore_b, lemuel_fruit_tree, infiniplex_staircase_pool,
          uniq_nergalle, uniq_sonja
Sewer:    sewer_frog_island_01
IceCv:    ice_cave_small_necro
